 Dungeon Crawl Stone Soup version 0.27.1-2-g3b301248ec (webtiles) character file.

Game seed: 10209969756676808276

2461 barney the Transmogrifier (level 9, -30/72 HPs)
             Began as a Pale Draconian Transmuter on Oct 4, 2021.
             Was an Initiate of Vehumet.
             Annihilated by a white ugly thing (31 damage)
             ... on level 7 of the Dungeon.
             The game lasted 00:13:36 (8060 turns).

barney the Transmogrifier (DrTm)                    Turns: 8060, Time: 00:13:36

Health: -30/72     AC:  2    Str: 13    XL:     9   Next: 26%
Magic:  10/13      EV: 23    Int: 16    God:    Vehumet [......]
Gold:   985        SH:  0    Dex: 17    Spells: 2/13 levels left

rFire    . . .     SeeInvis .     - Unarmed
rCold    . . .     Faith    .   (shield currently unavailable)
rNeg     . . .     Spirit   .   (armour unavailable)
rPois    .         Reflect  .   (helmet currently unavailable)
rElec    .         Harm     .   (cloak currently unavailable)
rCorr    .         Rampage  .   (gloves currently unavailable)
Will     .....                  (boots currently unavailable)
Stlth    ++........             m - amulet of the acrobat
HPRegen  0.22/turn              l - ring of poison resistance
MPRegen  0.13/turn              i - +4 ring of evasion

@: about to teleport, short of breath, spider-form
A: venomous fangs, (breathe steam), AC +7, tiny, unfitting armour,
(cold-blooded), (steam resistance)
a: End Transformation, Renounce Religion


You were on level 7 of the Dungeon.
You worshipped Vehumet.
Vehumet was noncommittal.
You were a venomous arachnid creature.
You visited 2 branches of the dungeon, and saw 8 of its levels.

You collected 985 gold pieces.

Inventory:

Hand Weapons
 d - a +0 dagger of venom
 j - a +1 falchion of electrocution
 o - a +1 short sword of venom (melded)
 w - a +4 quarterstaff of chaos
Armour
 f - a +0 pair of gloves (melded)
 r - a +0 cloak (melded)
Jewellery
 h - a +4 ring of protection
 i - a +4 ring of evasion (right front leg)
 l - a ring of poison resistance (left front leg)
 m - an amulet of the acrobat (around neck)
 p - a ring of protection from cold
Scrolls
 a - a scroll of amnesia
 b - 6 scrolls of identify
 e - 3 scrolls of holy word
 s - a scroll of teleportation
 t - a scroll of noise {unknown}
 u - 3 scrolls of blinking {unknown}
Potions
 q - 2 potions of curing
 v - a potion of brilliance {unknown}
 x - a potion of resistance {unknown}


   Skills:
 + Level 4.4 Fighting
 - Level 1.7 Dodging
 * Level 5.4 Unarmed Combat
 + Level 2.7 Spellcasting
 + Level 10.0 Transmutations
 + Level 3.0 Ice Magic
 + Level 2.0 Poison Magic


You had 2 spell levels left.
You knew the following spells:

 Your Spells              Type           Power      Damage    Failure   Level
a - Beastly Appendage     Tmut           68%        N/A       2%          1
b - Spider Form           Tmut/Pois      10%        N/A       14%         3
c - Wereblood             Tmut           34%        N/A       3%          2
d - Ice Form              Ice/Tmut       23%        N/A       30%         4
e - Apportation           Tloc           4%         N/A       38%         1

Your spell library contained the following spells:

 Spells                   Type           Power      Damage    Failure   Level
 Animate Skeleton         Necr           4%         N/A       38%         1
 Corona                   Hex            2%         N/A       38%         1
 Summon Small Mammal      Summ           8%         N/A       38%         1
 Slow                     Hex            2%         N/A       50%         2
 Ignite Poison            Fire/Tmut/Pois 15%        N/A       26%         3
 Confusing Touch          Hex            2%         N/A       71%         3
 Conjure Flame            Conj/Fire      2%         6-21      71%         3
 Vampiric Draining        Necr           1%         2d6       71%         3
 Sticky Flame             Conj/Fire      2%         2d3       96%         4


Dungeon Overview and Level Annotations

Branches:
Dungeon (7/15)             Temple (1/1) D:6

Altars:
Cheibriados
Dithmenos
Elyvilon
Fedhas
Gozag
Hepliaklqana
Kikubaaqudgha
Makhleb
Nemelex Xobeh
Okawaru
Qazlal
Ru
Sif Muna
Trog
Uskayaw
Vehumet
Wu Jian
Xom
Yredelemnul
Zin
The Shining One

Annotations:
D:5 2 transporters, Alcibiades's ghost, novice MiBe


Innate Abilities, Weirdness & Mutations

You are a venomous arachnid creature.
You have poisonous fangs.
You are tiny and dextrous.
Your spellcasting is less reliable in this form.
Your armour is entirely melded.
You are incapable of wielding weapons or throwing items.
((You can breathe blasts of scalding, opaque steam.))
((Your pale cyan-grey scales are hard. (AC +7)))
You cannot fit into any form of body armour.
((You are cold-blooded and may be slowed by cold attacks.))
((You are immune to the effects of steam.))


Message History

You barely miss the killer bee zombie.
Your tail-slap misses the killer bee zombie.
The killer bee zombie is severely damaged.
The killer bee zombie hits you.
The killer bee zombie hits you but does no damage.
You barely miss the killer bee zombie.
The killer bee zombie is severely damaged.
The killer bee zombie barely misses you.
Press: ? - help, Shift-Dir - straight line, p - white ugly thing You exhale a blast of scalding steam.
The ball of steam hits the white ugly thing.
The white ugly thing is lightly wounded.
The killer bee zombie closely misses you.
Unknown command.
Casting: Ice Form (dangerous; 13% risk of failure)
Confirm with . or Enter, or press ? or * to list all spells.
You turn into a venomous arachnid creature.
Your +1 short sword of venom melds into your body.
Your +0 cloak melds into your body.
Your +0 pair of gloves melds into your body.
Your +1 short sword of venom stops dripping with poison.
The killer bee zombie closely misses you.
The white ugly thing is engulfed in a cloud of scalding steam.
The white ugly thing closely misses you.
The killer bee zombie hits you.
You hit the killer bee zombie.
The killer bee zombie is almost destroyed.
The killer bee zombie completely misses you.
The white ugly thing is engulfed in a cloud of scalding steam.
The white ugly thing bites you! The white ugly thing freezes you!!
* * * LOW HITPOINT WARNING * * *
You are too injured to fight recklessly!
The killer bee zombie completely misses you.
The white ugly thing is engulfed in a cloud of scalding steam.
As you read the scroll of teleportation, it crumbles to dust.
You feel strangely unstable. The killer bee zombie misses you.
The white ugly thing bites you!
* * * LOW HITPOINT WARNING * * *
The white ugly thing freezes you!!
You die...

.# ##..# ###....# ........#
##......## ........##
###........# .........#
###..........# .........##
###)).<..#.....# ..........#
###...)).###.....#
..........###...s..### #.....##
..)......##....uZ..## #......#
)...............§.§.## #...(..#
................§....###...>..#
)....$.....#...§......##......#
..........#............#......#
.......#..#...........##......#
##....###.............##....###
#...## ##.......§........#...#


You could see a white ugly thing and a killer bee zombie.

Vanquished Creatures
  A hornet (D:5)
  Eustachio (D:4)
  Menkaure (D:7)
  Duvessa (D:4)
  An ogre (D:5)
  A necrophage (D:6)
  2 kobold brigands (D:7)
  A scorpion (D:5)
  Dowan (D:4)
  5 killer bees (D:7)
  A bullfrog zombie (D:6)
  A centaur zombie (D:6)
  3 centaur skeletons
  4 hounds
  Crazy Yiuf (D:6)
  A bullfrog skeleton (D:5)
  5 orc priests
  3 jellies
  6 iguanas
  2 orc wizards (D:6)
  A killer bee zombie (D:7)
  A hound zombie (D:5)
  A hound skeleton (D:4)
  Robin (D:4)
  4 gnolls (D:2)
  10 river rats (D:5)
  8 adders
  A shadow imp (D:5)
  3 ufetubi
  An adder zombie (D:5)
  A dart slug (D:1)
  21 orcs
  9 ball pythons
  11 endoplasms
  2 giant cockroaches
  16 goblins
  23 hobgoblins
  3 jackals (D:5)
  16 kobolds
  6 quokkas (D:5)
  5 bats
  8 frilled lizards
  18 rats
212 creatures vanquished.

Notes
Turn   | Place    | Note
-------+----------+-------------------------------------------
     0 | D:1      | barney the Draconian Transmuter began the quest for the
                  | Orb.
     0 | D:1      | Reached XP level 1. HP: 16/16 MP: 3/3
   251 | D:1      | Reached XP level 2. HP: 23/23 MP: 3/5
   328 | D:1      | Reached skill level 3 in Transmutations
   680 | D:1      | Reached XP level 3. HP: 28/28 MP: 6/6
   684 | D:1      | Learned a level 3 spell: Spider Form
   687 | D:1      | Learned a level 2 spell: Wereblood
  1301 | D:2      | Reached skill level 4 in Transmutations
  1700 | D:2      | Found a faded altar of an unknown god.
  1707 | D:2      | Reached XP level 4. HP: 24/35 MP: 1/7
  2507 | D:3      | Reached skill level 5 in Transmutations
  2507 | D:3      | Reached XP level 5. HP: 32/40 MP: 6/8
  3046 | D:3      | Reached skill level 6 in Transmutations
  3112 | D:4      | Noticed Eustachio
  3149 | D:4      | Killed Eustachio
  3150 | D:4      | Reached XP level 6. HP: 17/47 MP: 4/9
  3198 | D:4      | Reached skill level 7 in Transmutations
  3874 | D:4      | Your scales start taking on a pale cyan-grey colour.
  3874 | D:4      | Reached XP level 7. HP: 51/52 MP: 6/10
  3874 | D:4      | Gained mutation: You are immune to the effects of steam.
                  | [Pale Draconian growth]
  3994 | D:4      | Noticed Dowan
  3995 | D:4      | Noticed Duvessa
  4009 | D:4      | Identified a scroll of acquirement
  4009 | D:4      | Acquired 694 gold pieces
  4015 | D:4      | Killed Duvessa
  4016 | D:4      | Reached skill level 8 in Transmutations
  4018 | D:4      | Killed Dowan
  4409 | D:4      | Noticed Robin
  4433 | D:4      | Killed Robin
  4504 | D:5      | Entered Level 5 of the Dungeon
  4594 | D:5      | Reached skill level 9 in Transmutations
  4695 | D:5      | Found a transporter.
  4695 | D:5      | Noticed Alcibiades's ghost (novice MiBe)
  4711 | D:5      | Found a transporter.
  4733 | D:5      | Learned a level 4 spell: Ice Form
  5014 | D:5      | Noticed a hornet
  5020 | D:5      | Killed a hornet
  5021 | D:5      | Reached XP level 8. HP: 58/61 MP: 6/11
  5070 | D:5      | Learned a level 1 spell: Apportation
  5236 | D:5      | Reached skill level 1 in Ice Magic
  6236 | D:6      | Found a runed translucent door.
  6237 | D:6      | Noticed Crazy Yiuf
  6420 | D:6      | Found a staircase to the Ecumenical Temple.
  6444 | D:6      | Reached skill level 1 in Poison Magic
  6795 | Temple   | Entered the Ecumenical Temple
  7025 | Temple   | Became a worshipper of Vehumet
  7325 | D:6      | Killed Crazy Yiuf
  7516 | D:7      | Noticed Menkaure
  7582 | D:7      | Killed Menkaure
  7583 | D:7      | Reached skill level 5 in Unarmed Combat
  7583 | D:7      | Reached XP level 9. HP: 71/71 MP: 12/12
  7765 | D:7      | Reached skill level 10 in Transmutations
  7778 | D:7      | Noticed a white ugly thing
  8060 | D:7      | HP: 1/72 [white ugly thing (11)]
  8060 | D:7      | Annihilated by a white ugly thing

Illustrated notes

Levels and vault maps discovered:
D:1:      minmay_arrival_checkered_box, layout_basic
D:2:      layout_basic, ebering_ecumenical_altar_rust
D:3:      layout_basic, skrybe_limestone_x
D:4:      layout_basic, uniq_robin, uniq_duvessa, uniq_eustachio
D:5:      lemuel_ratsnest, layout_basic, gammafunk_ghost_arena
D:6:      layout_basic, minmay_temple_entry_slanted, st_stairs_13,
          uniq_crazy_yiuf_cottage
D:7:      minmay_chambers_of_sevens, layout_cave_pods, uniq_menkaure
Temple:   minmay_crystal_snake_temple

Skill      XL: |  1  2  3  4  5  6  7  8  9 |
---------------+----------------------------+-----
Transmutations | 3 4 5 6 7 9 10 | 10.0
Fighting       | 2 4 |  4.4
Ice Magic      | 2 3 |  3.0
Unarmed Combat | 5 |  5.4
Poison Magic   | 1 2 |  2.0
Dodging        | |  1.7
Spellcasting   | |  2.7

Action                   |  1- 3 |  4- 6 |  7- 9 || total
-------------------------+-------+-------+-------++-------
Melee: Unarmed           |    52 |    34 |    86 ||   172
       Kick              |    11 |    21 |    28 ||    60
       Tailslap          |    13 |    17 |    15 ||    45
       Dagger            |    81 |   135 |       ||   216
       Headbutt          |     2 |    10 |    15 ||    27
       Punch             |       |     1 |     2 ||     3
       Short sword       |       |    11 |   190 ||   201
 Cast: Beastly Appendage |    13 |    16 |    16 ||    45
       Wereblood         |     1 |     9 |    21 ||    31
       Spider Form       |     1 |     3 |    11 ||    15
       Ice Form          |       |       |     3 ||     3
 Abil: Breathe Steam     |       |       |    18 ||    18
       End Transformatio |       |       |     2 ||     2
  Use: Potion            |     1 |     1 |     5 ||     7
       Scroll            |       |       |     6 ||     6
Armor: Skin              |    48 |    64 |    93 ||   205
Dodge: Dodged            |    86 |   132 |   325 ||   543
